 Dungeon Crawl Stone Soup version bcrawl-1.28.1b (webtiles) character file.

Game seed: 7595638400496479349

231924 Adamkad1 the Changer (level 8, -10/70 HPs)
             Began as a Black Draconian Transmuter on Dec 12, 2020.
             Was a Follower of Sif Muna.
             Splashed by an acid dragon's acid (11 damage)
             ... on level 6 of the Dungeon.
             The game lasted 00:09:57 (6015 turns).

Adamkad1 the Changer (Black Draconian Transmuter)   Turns: 6015, Time: 00:09:58

Health: -10/70     AC: -2    Str: 15    XL:     8   Next: 67%
Magic:  14/14      EV: 22    Int: 14    God:    Sif Muna [*.....]
Gold:   342        SH:  0    Dex: 16    Spells: 3/16 levels left

rFire    . . .     SeeInvis .     - Fangs (venom) (12.8)
rCold    . . .     Gourm    .   (shield currently unavailable)
rNeg     . . .     Faith    .   (armour unavailable)
rPois    x         Spirit   .   (helmet currently unavailable)
rElec    .         Reflect  .   (cloak currently unavailable)
rCorr    .         Harm     .   (gloves currently unavailable)
MR       .....                  (boots currently unavailable)
Stlth    +.........             d - amulet of magic regeneration
HPRegen  0.21/turn              j - ring of wizardry
MPRegen  0.39/turn              (no ring)

@: spider-form, corroded
A: tiny, (breathe lightning), unfitting armour, AC +6
a: End Transformation, Divine Energy, Renounce Religion


You were on level 6 of the Dungeon.
You worshipped Sif Muna.
Sif Muna was aware of your devotion.
You were hungry.
You were a venomous arachnid creature.
You visited 2 branches of the dungeon, and saw 7 of its levels.
You also visited: Sewer.

You collected 342 gold pieces.

Inventory:

Missiles
 a - 803 arrows
Armour
 b - a +0 pair of gloves
Jewellery
 d - an amulet of magic regeneration (around neck)
 j - a ring of wizardry (left front leg)
 u - an uncursed amulet of the acrobat
Wands
 c - a wand of digging (4)
 h - a wand of polymorph (9)
Scrolls
 f - 4 scrolls of remove curse
 g - a scroll of blinking
 i - 4 scrolls of identify
 k - a scroll of amnesia
 l - 6 scrolls of magic mapping
 q - 3 scrolls of teleportation
 r - 2 scrolls of fear
Potions
 o - a potion of might
 z - a potion of lignification
Comestibles
 e - 7 rations {!d}


   Skills:
 + Level 5.8 Fighting
 + Level 4.3 Dodging
 + Level 5.2 Unarmed Combat
 + Level 4.5 Spellcasting
 + Level 1.2 Charms
 * Level 6.7 Transmutations


You had 3 spell levels left.
You knew the following spells:

 Your Spells              Type           Power        Failure   Level  Hunger
a - Beastly Appendage     Tmut           ###...       2%          1    None
b - Spider Form           Tmut/Pois      ##.          13%         3    ###....
c - Passwall              Tmut/Erth      ##......     8%          2    None
d - Blade Hands           Tmut           ###.......   26%         5    ######.
e - Song of Slaying       Chrm           #.......     16%         2    None

Your spell library contained the following spells:

 Spells                   Type           Power        Failure   Level  Hunger
 Sticks to Snakes         Tmut           ###.....     3%          2    None
 Regeneration             Chrm/Necr      #.........   32%         3    ###....
 Portal Projectile        Tloc           #.....       38%         3    ###....
 Ice Form                 Ice/Tmut       ##......     32%         4    #####..
 Passage of Golubria      Tloc           N/A          95%         5    ######.
 Deflect Missiles         Chrm/Air       #.........   100%        6    #######


Dungeon Overview and Level Annotations

Branches:
Dungeon (6/12)             Temple (1/1) D:5

Altars:
Ashenzari
Cheibriados
Dithmenos
Elyvilon
Fedhas
Gozag
Hepliaklqana
Kikubaaqudgha
Makhleb
Okawaru
Ru
Sif Muna
Trog
Uskayaw
Vehumet
Wu Jian
The Shining One

Shops:
D:4 *


Innate Abilities, Weirdness & Mutations

((You can breathe wild blasts of lightning.))
((Your glossy black scales are hard. (AC +6)))
You cannot fit into any form of body armour.
((You are resistant to electric shocks. (rElec)))
((You are cold-blooded and may be slowed by cold attacks.))


Message History

The crimson imp barely misses you. The acid dragon barely misses you.
The acid dragon completely misses you.
You hit the acid dragon.
The acid dragon is severely wounded.
The crimson imp completely misses you.
You bite the acid dragon!
The acid dragon is almost dead.
The acid dragon spits acid at you. The splash of acid hits you!
You are splashed with acid!
* * * LOW HITPOINT WARNING * * *
You hit the acid dragon but do no damage.
The acid dragon is almost dead.
The crimson imp completely misses you. The acid dragon misses you.
The acid dragon barely misses you.
You feel better. The crimson imp completely misses you.
The acid dragon spits acid at you. The splash of acid hits you!
* * * LOW HITPOINT WARNING * * *
The acid corrodes you!
You are splashed with acid!
You die...

####+####
#.......#
#.♣5D.♣.#
#...s...#
#...<...#
#.......#
#.♣...♣.#
#.......#
#########


You could see an acid dragon and a crimson imp.

Vanquished Creatures
  A centaur skeleton (D:5)
  Grinder (D:3)
  2 sky beasts
  3 ogres
  A bullfrog (Sewer)
  A big kobold (D:4)
  2 crimson imps
  A bullfrog zombie (D:5)
  2 hounds
  3 orc wizards
  2 worker ants
  A hound zombie (D:5)
  Robin (D:3)
  5 gnolls
  8 adders
  A river rat (D:4)
  A shadow imp (D:5)
  2 oozes
  An adder zombie (D:5)
  3 worms
  2 dart slugs (D:2)
  8 leopard geckos
  9 orcs
  5 bats
  6 giant cockroaches
  13 goblins
  8 hobgoblins
  10 jackals
  5 quokkas
  6 ball pythons
  8 frilled lizards
  9 kobolds
  7 rats
  A plant (D:2)
139 creatures vanquished.

Notes
Turn   | Place    | Note
-------+----------+-------------------------------------------
     0 | D:1      | Adamkad1 the Draconian Transmuter began the quest for the
                  | Orb.
     0 | D:1      | Reached XP level 1. HP: 16/16 MP: 3/3
   399 | D:1      | Reached XP level 2. HP: 17/23 MP: 3/5
   927 | D:2      | Reached XP level 3. HP: 21/29 MP: 6/6
  1240 | D:3      | Noticed Grinder
  1252 | D:3      | Paralysed by Grinder for 3 turns
  1258 | D:3      | Killed Grinder
  1259 | D:3      | Reached skill level 3 in Transmutations
  1259 | D:3      | Reached XP level 4. HP: 34/37 MP: 6/8
  1259 | D:3      | Reached XP level 5. HP: 39/42 MP: 6/9
  1488 | D:4      | Reached XP level 6. HP: 49/50 MP: 8/10
  1516 | D:4      | Reached skill level 4 in Transmutations
  1532 | D:5      | Entered Level 5 of the Dungeon
  1671 | D:5      | Learned a level 3 spell: Spider Form
  1674 | D:5      | Learned a level 2 spell: Passwall
  1680 | D:5      | Learned a level 5 spell: Blade Hands
  1872 | D:4      | Your scales start taking on a glossy black colour.
  1872 | D:4      | Reached XP level 7. HP: 34/59 MP: 11/11
  1872 | D:4      | Gained mutation: You are resistant to electric shocks.
                  | (rElec) [Black Draconian growth]
  2077 | D:4      | Found a glowing drain.
  2082 | Sewer    | Entered a sewer
  2479 | Sewer    | Reached skill level 5 in Transmutations
  2745 | D:4      | Found Civvalap's Assorted Antiques.
  3163 | D:5      | Found a staircase to the Ecumenical Temple.
  3225 | Temple   | Entered the Ecumenical Temple
  3422 | Temple   | Became a worshipper of Sif Muna the Loreminder
  3482 | D:5      | Reached skill level 5 in Fighting
  3482 | D:5      | Reached XP level 8. HP: 44/68 MP: 12/14
  3608 | D:3      | Reached skill level 6 in Transmutations
  3726 | D:3      | Found a faded altar of an unknown god.
  3929 | D:3      | Found a shadowy altar of Dithmenos.
  3994 | D:3      | Noticed Robin
  4015 | D:3      | Killed Robin
  4018 | D:3      | Reached * piety under Sif Muna
  4642 | D:2      | Identified Sif Muna's Compendium of Boosting Translocation
                  | (Sif Muna gifted it to you on level 2 of the Dungeon)
  4642 | D:2      | Received a gift from Sif Muna
  4648 | D:2      | Learned a level 2 spell: Song of Slaying
  4716 | D:2      | Found a bloodstained altar of Trog.
  5068 | D:5      | Reached skill level 5 in Unarmed Combat
  5166 | D:5      | Found an opulent altar of Gozag.
  5257 | D:5      | Found a white marble altar of Elyvilon.
  5819 | D:5      | Reached skill level 1 in Charms
  5924 | D:5      | Found a burning altar of Makhleb.
  5924 | D:5      | Noticed a balrug
  5927 | D:5      | Noticed a smoke demon
  5927 | D:5      | Noticed a smoke demon
  6015 | D:6      | HP: 1/70 [acid dragon/splash of acid (16)]
  6015 | D:6      | Splashed by an acid dragon's acid

Skill      XL: |  1  2  3  4  5  6  7  8 |
---------------+-------------------------+-----
Dodging        | 2 3 4 |  4.3
Fighting       | 2 4 5 |  5.8
Transmutations | 3 4 5 6 |  6.7
Spellcasting   | 3 4 |  4.5
Unarmed Combat | 4 5 |  5.2
Charms         | 1 |  1.2

Action                   |  1- 3 |  4- 6 |  7- 9 || total
-------------------------+-------+-------+-------++-------
Melee: Unarmed           |   103 |   109 |   312 ||   524
       Tailslap          |     8 |     6 |    11 ||    25
       Headbutt          |     3 |     1 |       ||     4
       Punch             |     1 |     1 |     2 ||     4
       Kick              |     8 |     5 |       ||    13
 Cast: Beastly Appendage |    16 |     6 |     2 ||    24
       Spider Form       |       |     2 |    37 ||    39
 Abil: Breathe Lightning |       |       |     1 ||     1
  Use: Potion            |     4 |       |     4 ||     8
       Scroll            |       |     2 |     9 ||    11
 Stab: Sleeping          |       |       |     2 ||     2
  Eat: Chunk             |     3 |     5 |    21 ||    29
       Ration            |       |       |     1 ||     1
Armor: Skin              |    92 |    76 |    28 ||   196
Dodge: Dodged            |    85 |    92 |   227 ||   404
